 Dungeon Crawl Stone Soup version 0.28-a0-793-g31680bbd8b (webtiles) character file.

Game seed: 5536616133342656952

482 ytrimaz the Skirmisher (level 7, -4/50 HPs)
             Began as an Octopode Fighter on Nov 3, 2021.
             Slain by a sky beast (6 damage)
             ... on level 5 of the Dungeon.
             The game lasted 00:03:38 (3808 turns).

ytrimaz the Skirmisher (Octopode Fighter)           Turns: 3808, Time: 00:03:39

Health: -4/50      AC:  1    Str: 17    XL:     7   Next: 12%
Magic:  7/7        EV: 14    Int: 11    God:
Gold:   78         SH:  9    Dex: 11    Spells: 6/6 levels left

rFire   . . .      SeeInvis .   q - +4 dagger
rCold   . . .      Faith    .   b - +0 buckler
rNeg    . . .      Spirit   .   (helmet restricted)
rPois   .          Reflect  +   d - amulet of reflection
rElec   .          Harm     .   g - ring of flight
rCorr   +          Rampage  .   k - ring of resist corrosion
Will    .....                   (no ring)
Stlth   +++.......              (no ring)
HPRegen 0.16/turn               (no ring)
MPRegen 0.10/turn               (no ring)
                                (no ring)
                                (no ring)

@: flying
A: almost no armour, amphibious, 8 rings, camouflage 1, gelatinous body 1,
(nimble swimmer 1), tentacles
a: no special abilities


You were on level 5 of the Dungeon.
You visited 1 branch of the dungeon, and saw 5 of its levels.

You collected 78 gold pieces.

Inventory:

Hand Weapons
 a - a +0 rapier
 q - a +4 dagger (weapon)
Armour
 b - a +0 buckler (worn)
Jewellery
 d - an amulet of reflection (around mantle)
 g - a ring of flight (left tentacle)
 k - a ring of resist corrosion (right tentacle)
 l - an amulet of magic regeneration
Scrolls
 c - a scroll of identify
 h - a scroll of fear
 p - a scroll of enchant armour {unknown}
Potions
 e - a potion of flight
 f - a potion of degeneration {unknown}
 j - a potion of magic {unknown}
 m - a potion of cancellation
 n - a potion of mutation {unknown}
 o - a potion of ambrosia {unknown}
 r - a potion of attraction {unknown}


   Skills:
 * Level 5.3 Fighting
 - Level 2.0 Short Blades
 * Level 5.0 Dodging
 * Level 4.1 Stealth
 - Level 4.0 Shields


You had 6 spell levels left.
You didn't know any spells.
Your spell library was empty.

Dungeon Overview and Level Annotations

Branches:
Dungeon (5/15)
 Temple: D:4-7

Altars:

Shops:
D:3 :(:


Innate Abilities, Weirdness & Mutations

You cannot wear most types of armour.
You are amphibious.
You can wear up to eight rings at the same time.
Your skin changes colour to match your surroundings (Stealth+).
Your rubbery body absorbs attacks. (AC +1, EV +1)
((You are camouflaged near water. (Stealth+)))
You have tentacles for arms and can constrict up to eight enemies at once.


Message History

The sky beast hits you. The sky beast shocks you.
You hit the sky beast.
The sky beast is severely wounded.
The sky beast flickers out of sight!
Deactivating autopickup; reactivate with Ctrl-A.
Something hits you. Something shocks you.
You miss something. Something hits you. Something shocks you.
You closely miss something. Something hits you. Something shocks you.
You hit something. Something hits you.
* * * LOW HITPOINT WARNING * * *
Something shocks you.
* * * LOW HITPOINT WARNING * * *
You closely miss something. Something hits you but does no damage.
Unknown command.
It was a potion of flight.
You feel more buoyant.
A sky beast appears from thin air!
Reactivating autopickup.
You block the sky beast's attack.
It was a potion of curing.
You feel better. The sky beast hits you.
* * * LOW HITPOINT WARNING * * *
The sky beast shocks you.
* * * LOW HITPOINT WARNING * * *
Unknown command.
You feel better. The sky beast hits you. The sky beast shocks you.
* * * LOW HITPOINT WARNING * * *
You closely miss the sky beast. Your squeeze misses the sky beast.
The sky beast is severely wounded.
The sky beast flickers out of sight!
Deactivating autopickup; reactivate with Ctrl-A.
Something hits you.
* * * LOW HITPOINT WARNING * * *
Something shocks you.
* * * LOW HITPOINT WARNING * * *
It was a potion of cancellation.
Your magical effects are unravelling.
You feel magically purged. Something hits you.
* * * LOW HITPOINT WARNING * * *
Something shocks you.
You die...

#### ........ #+
#######.......
#.#######.....#.......
#.......).###.#.......
....[.....'##.#......
#.........###.#......
#.........###.#########.
#..........##...@{......
.........#.#########.###
.###...###.# #.#..##.#
#.....#.# #.....#
#.....# ##....#.#
.#####.#


There were no monsters in sight!

Vanquished Creatures
  Grinder (D:4)
  An ogre (D:5)
  A jelly (D:4)
  Natasha (twice) (D:2)
  Robin (D:2)
  2 adders (D:4)
  2 worms
  A dart slug (D:1)
  7 ball pythons
  3 endoplasms
  5 giant cockroaches
  12 goblins
  5 hobgoblins
  3 jackals (D:1)
  5 quokkas
  3 bats
  4 frilled lizards
  6 kobolds
  5 rats
69 creatures vanquished.

Notes
Turn   | Place    | Note
-------+----------+-------------------------------------------
     0 | D:1      | ytrimaz the Octopode Fighter began the quest for the Orb.
     0 | D:1      | Reached XP level 1. HP: 16/16 MP: 1/1
    68 | D:1      | Found a faded altar of an unknown god.
   131 | D:1      | Reached XP level 2. HP: 17/21 MP: 2/2
   419 | D:1      | Reached XP level 3. HP: 20/26 MP: 3/3
   871 | D:2      | Noticed Natasha
   878 | D:2      | Killed Natasha
   879 | D:2      | Reached XP level 4. HP: 15/33 MP: 4/4
  1144 | D:2      | Noticed Robin
  1522 | D:2      | Killed Robin
  1739 | D:2      | Noticed Natasha
  1747 | D:2      | Killed Natasha
  2039 | D:3      | Reached XP level 5. HP: 37/37 MP: 5/5
  2053 | D:3      | Found Foleheawn's Book Shop.
  2253 | D:3      | Found Bovvuofa's Antique Weapon Emporium.
  2357 | D:3      | Found Alujaeda's Book Emporium.
  2471 | D:4      | Reached skill level 1 in Stealth
  2820 | D:4      | Noticed Grinder
  2829 | D:4      | Killed Grinder
  2830 | D:4      | Reached skill level 5 in Fighting
  2830 | D:4      | Reached XP level 6. HP: 19/45 MP: 6/6
  3527 | D:5      | Entered Level 5 of the Dungeon
  3543 | D:5      | Reached skill level 5 in Dodging
  3543 | D:5      | Reached XP level 7. HP: 28/50 MP: 7/7
  3808 | D:5      | HP: 2/50 [something (2)]
  3808 | D:5      | Slain by a sky beast

Illustrated notes

Levels and vault maps discovered:
D:1:      saegor_arrival_simple_b, layout_rooms,
          shapermc_ecumenical_altar_notcrosses
D:2:      layout_basic, chequers_serial_rivers_large_a, uniq_natasha, uniq_robin
D:3:      layout_rooms, serial_shops, nicolae_diamond_shop, shop_fountains,
          nicolae_square_shop, st_stairs_1
D:4:      layout_cave_pods, uniq_grinder
D:5:      layout_basic, mainiacjoe_overflow_alcove_2, serial_co_window_serial,
          co_window_paths_b, co_window_of_opportunity_a, co_window_corner_a,
          co_window_paths_b, co_window_paths_a, co_window_corner_a,
          co_window_corner_a, co_window_of_opportunity_c, co_window_corner_b,
          co_window_cross_2, co_window_corner_b, co_window_corner_b,
          co_window_corner_ca, co_window_broadway_b, co_window_4corner_a

Skill      XL: |  1  2  3  4  5  6 |
---------------+-------------------+-----
Fighting       | 4 5 |  5.3
Shields        | 4 |  4.0
Dodging        | 4 5 |  5.0
Stealth        | 3 4 |  4.1
Short Blades   | |  2.0

Action                   |  1- 3 |  4- 6 |  7- 9 || total
-------------------------+-------+-------+-------++-------
Melee: Rapier            |    51 |    76 |       ||   127
       Constrict         |    15 |    17 |       ||    32
       Tentacles         |     9 |    15 |       ||    24
       Dagger            |       |     9 |    12 ||    21
  Use: Scroll            |     1 |     1 |       ||     2
       Potion            |       |     1 |     4 ||     5
 Stab: Sleeping          |     5 |    11 |       ||    16
Armor: Skin              |     3 |     4 |     1 ||     8
Dodge: Dodged            |    25 |    35 |     2 ||    62
Block: Buckler           |    21 |    39 |     3 ||    63
       Reflection        |     3 |       |       ||     3

Table legend: (Time is in decaauts)
 A = Elapsed time spent in this place.
 B = Non-inter-level travel time spent in this place.
 C = Inter-level travel time spent in this place.
 D = Time resting spent in this place.
 E = Time spent auto-exploring this place.
 F = Levels seen in this place.
 G = Mean time per level.
                   A        B        C        D        E       F      G
               +--------+--------+--------+--------+--------+-----+--------+
         Total |   3820 |   3762 |     58 |    961 |   2203 |   5 |  764.0 |
       Dungeon |   3820 |   3762 |     58 |    961 |   2203 |   5 |  764.0 |
               +--------+--------+--------+--------+--------+-----+--------+

Top non-repeatable levels by time:
     D:4: 1078 daAuts
     D:2: 1053 daAuts
     D:1: 993 daAuts
     D:3: 416 daAuts
     D:5: 278 daAuts
